 Dungeon Sprint DCSS version 0.31-a0-175-g9f7f995f2b (webtiles) character file.

Game seed: 5862871331616746422

1849 rocky1 the Basher (level 9, -2/78 HPs)
             Began as a Formicid Fighter on June 18, 2023.
             Was an Elder of Cheibriados.
             Shot with an arrow by a centaur warrior (14 damage)
             ... in the Dungeon (Sprint IX: "|||||||||||||||||||||||||||||").
             The game lasted 00:02:41 (757 turns).

rocky1 the Basher (Formicid Fighter)                 Turns: 757, Time: 00:02:41

Health: -2/78      AC: 11    Str: 35    XL:     9   Next: 34%
Magic:  8/15       EV: 16    Int: 19    God:    Cheibriados [****..]
Gold:   0          SH:  8    Dex: 22    Spells: 8/8 levels left

rFire   . . .        l - +2 dire flail (heavy)
rCold   . . .        c - +0 buckler
rNeg    . . .        o - +2 ring mail
rPois   .            (helmet unavailable)
rElec   .            (no cloak)
rCorr   .            n - +0 pair of gloves
SInv    +            m - +0 pair of boots
Will    .....        (no amulet)
Stlth   +            p - +3 ring of intelligence
HPRegen 0.33/turn    q - +2 ring of evasion
MPRegen 0.14/turn

%: no passive effects
@: very slow
A: permanent stasis, dig shafts and tunnels, antennae 3, four strong arms
a: Dig, Renounce Religion, Bend Time, Temporal Distortion, Slouch


You were in the Dungeon.
You worshipped Cheibriados.
Cheibriados was greatly pleased with you.
You visited 1 branch

Inventory:

Hand Weapons
 l - a +2 heavy dire flail (weapon)
Armour
 c - a +0 buckler (worn)
 m - a +0 pair of boots (worn)
 n - a +0 pair of gloves (worn)
 o - a +2 ring mail (worn)
Jewellery
 p - a +3 ring of intelligence (left hand)
 q - a +2 ring of evasion (right hand)
Wands
 k - a wand of iceblast (10)
Scrolls
 h - 2 scrolls of blinking
 j - 2 scrolls of amnesia
Potions
 d - a potion of might
 e - 4 potions of curing
 f - a potion of heal wounds
 g - 4 potions of magic
 i - a potion of invisibility


   Skills:
 + Level 9.8 Fighting
 + Level 11.9 Maces & Flails
 + Level 8.9 Armour
 + Level 4.4 Dodging
 + Level 10.6 Shields
 * Level 9.0 Invocations


You had 8 spell levels left.
You didn't know any spells.
Your spell library was empty.

Dungeon Overview and Level Annotations

Branches:
Dungeon (1/1)

Altars:
Cheibriados
Dithmenos
Elyvilon
Fedhas
Gozag
Hepliaklqana
Kikubaaqudgha
Makhleb
Nemelex Xobeh
Okawaru
Qazlal
Ru
Sif Muna
Trog
Uskayaw
Vehumet
Wu Jian
Xom
Yredelemnul
Zin
The Shining One
Jiyva
Lugonu


Innate Abilities, Weirdness & Mutations

You cannot be hasted, slowed, berserked, paralysed or teleported.
You can dig through walls and to a lower floor.
You have a pair of large antennae on your head. (SInv)
Your four strong arms can wield two-handed weapons with a shield.


Message History

The centaur warrior kicks you but does no damage.
You hit the centaur warrior but do no damage.
The centaur warrior is lightly wounded.
The centaur warrior hits you.
* * * LOW HITPOINT WARNING * * *
The centaur warrior barely misses you. The centaur warrior hits you!
* * * LOW HITPOINT WARNING * * *
The centaur warrior kicks you but does no damage.
You feel much better. The centaur warrior barely misses you.
The centaur warrior completely misses you.
Unknown command.
You barely miss the centaur warrior.
The centaur warrior is lightly wounded.
The centaur warrior hits you but does no damage.
The centaur warrior kicks you but does no damage.
The centaur warrior misses you.
The centaur warrior kicks you but does no damage.
Activating: Slouch (3% risk of failure)
Press: ? - help, Dir - look around, f - activate You can feel time thicken for a moment.
You can no longer inflict damage on those overly hasty.
Cheibriados lowers the support of your attributes as your movement quickens.
The centaur warrior hits you!
The centaur warrior kicks you but does no damage.
You hit the centaur warrior.
The centaur warrior is almost dead.
You block the centaur warrior's attack.
The centaur warrior kicks you but does no damage.
The centaur warrior closely misses you.
The centaur warrior kicks you but does no damage.
You flatten the centaur warrior like a pancake!!!
You kill the centaur warrior!
Cheibriados thoroughly appreciates the change of pace.
You can now inflict damage on those overly hasty.
Cheibriados raises the support of your attributes as your movement slows.
The centaur warrior wields a +0 orcbow.
The centaur warrior shoots an arrow.
The arrow hits you!!
* * * LOW HITPOINT WARNING * * *
The centaur warrior shoots an arrow.
The arrow hits you!
You die...

▓[▓
▓)▓
▓.▓
▓.▓
▓.▓
▓.▓
▓.▓
▓.▓
▓@▓
▓)▓
▓c▓
▓.▓
▓.▓
▓.▓
▓.▓
▓+▓


You could see a centaur warrior.

Vanquished Creatures
  2 centaur warriors (D)
  A gargoyle (D)
  A troll (D)
  A vampire (D)
  A yak (D)
  A vampire mosquito (D)
  An ice beast (D)
  A centaur (D)
  2 killer bees (D)
  A howler monkey (D)
  A hound (D)
  A jelly (D)
  A gnoll (D)
  A worm (D)
  A bat (D)
  A giant cockroach (D)
  A goblin (D)
  2 hobgoblins (D)
21 creatures vanquished.

Notes
Turn   | Place    | Note
-------+----------+-------------------------------------------
     0 | D        | rocky1 the Formicid Fighter began the quest for the Orb.
     0 | D        | Reached XP level 1. HP: 18/18 MP: 1/1
    18 | D        | Reached XP level 2. HP: 25/25 MP: 2/2
   123 | D        | Noticed an ice beast
   128 | D        | Reached skill level 5 in Shields
   130 | D        | Reached skill level 3 in Maces & Flails
   130 | D        | Reached XP level 3. HP: 21/31 MP: 3/3
   143 | D        | Reached skill level 5 in Fighting
   143 | D        | Reached skill level 5 in Armour
   143 | D        | Reached XP level 4. HP: 25/39 MP: 4/4
   145 | D        | Reached skill level 4 in Maces & Flails
   151 | D        | Killed an ice beast
   152 | D        | Reached skill level 6 in Maces & Flails
   152 | D        | Reached skill level 1 in Dodging
   152 | D        | Reached XP level 5. HP: 31/47 MP: 5/5
   318 | D        | Found a snail-covered altar of Cheibriados.
   318 | D        | Found a shadowy altar of Dithmenos.
   318 | D        | Found a white marble altar of Elyvilon.
   318 | D        | Found a blossoming altar of Fedhas.
   318 | D        | Found an opulent altar of Gozag.
   319 | D        | Found a hazy altar of Hepliaklqana.
   320 | D        | Found a viscous altar of Jiyva.
   321 | D        | Found an ancient bone altar of Kikubaaqudgha.
   322 | D        | Found a corrupted altar of Lugonu.
   323 | D        | Found a burning altar of Makhleb.
   326 | D        | Became a worshipper of Cheibriados the Contemplative
   329 | D        | Found a sparkling altar of Nemelex Xobeh.
   330 | D        | Found an iron altar of Okawaru.
   331 | D        | Found a stormy altar of Qazlal.
   332 | D        | Found a sacrificial altar of Ru.
   333 | D        | Found a shimmering blue altar of Sif Muna.
   334 | D        | Found a bloodstained altar of Trog.
   335 | D        | Found a hide-covered altar of Uskayaw.
   336 | D        | Found a radiant altar of Vehumet.
   337 | D        | Found an ornate altar of the Wu Jian Council.
   338 | D        | Found a shimmering altar of Xom.
   339 | D        | Found a basalt altar of Yredelemnul.
   340 | D        | Found a glowing silver altar of Zin.
   341 | D        | Found a glowing golden altar of the Shining One.
   396 | D        | Noticed a yak
   396 | D        | Noticed a centaur
   396 | D        | Noticed a vampire
   398 | D        | Reached skill level 1 in Invocations
   398 | D        | Reached XP level 6. HP: 53/53 MP: 5/7
   399 | D        | Reached * piety under Cheibriados
   405 | D        | Reached skill level 7 in Maces & Flails
   408 | D        | Killed a yak
   408 | D        | Reached ** piety under Cheibriados
   409 | D        | Reached skill level 8 in Maces & Flails
   409 | D        | Reached XP level 7. HP: 54/61 MP: 6/10
   411 | D        | Reached skill level 5 in Invocations
   426 | D        | Killed a vampire
   427 | D        | Reached skill level 9 in Maces & Flails
   739 | D        | Noticed a centaur warrior
   739 | D        | Noticed a vampire mosquito
   739 | D        | Noticed a troll
   739 | D        | Noticed a gargoyle
   739 | D        | Noticed a centaur warrior
   739 | D        | Noticed a centaur warrior
   740 | D        | Killed a vampire mosquito
   740 | D        | Reached *** piety under Cheibriados
   741 | D        | Reached XP level 8. HP: 69/69 MP: 11/13
   741 | D        | Killed a troll
   742 | D        | Reached skill level 10 in Maces & Flails
   742 | D        | Reached skill level 10 in Shields
   747 | D        | Killed a centaur warrior
   747 | D        | Reached **** piety under Cheibriados
   748 | D        | Reached skill level 11 in Maces & Flails
   748 | D        | Reached XP level 9. HP: 42/77 MP: 12/15
   748 | D        | Killed a gargoyle
   757 | D        | Killed a centaur warrior
   757 | D        | Shot with an arrow by a centaur warrior

Illustrated notes

Levels and vault maps discovered:
D:        linesprint [early_d, line_temple, items_1, d_10, items_2, lair_1,
          lair_end, items_3, orc_1, orc_end, items_4, d_15, swamp_1, shoals_1,
          snake_1, spider_1, d_20, vaults_1, items_5, swamp_end, shoals_end,
          snake_end, spider_end, vaults_end, d_27, items_6, zot_1, zot_end,
          crypt_end, forest_end, elf_end, slime_end, tomb_end, abyss_end,
          pan_hell_end]

Skill      XL: |  1  2  3  4  5  6  7  8  9 |
---------------+----------------------------+-----
Fighting       | 4 5 6 7 8 9 |  9.8
Armour         | 4 5 6 7 8 |  8.9
Shields        | 5 6 7 8 9 10 | 10.6
Maces & Flails | 3 6 8 9 11 | 11.9
Dodging        | 1 2 3 4 |  4.4
Invocations    | 1 4 6 8 9 |  9.0

Action                     |  1- 3 |  4- 6 |  7- 9 || total
---------------------------+-------+-------+-------++-------
  Melee: Flail             |    32 |     9 |       ||    41
         Dire flail        |       |    12 |    27 ||    39
 Invoke: Slouch            |       |       |     1 ||     1
    Use: Potion            |       |       |     3 ||     3
 Armour: Scale mail        |    17 |     3 |       ||    20
         Ring mail         |       |     4 |    17 ||    21
  Dodge: Dodged            |    10 |    18 |    22 ||    50
  Block: Buckler           |    11 |     5 |    12 ||    28

Table legend: (Time is in decaauts)
 A = Elapsed time spent in this place.
 B = Non-inter-level travel time spent in this place.
 C = Inter-level travel time spent in this place.
 D = Time resting spent in this place.
 E = Time spent auto-exploring this place.
 F = Levels seen in this place.
 G = Mean time per level.
                   A        B        C        D        E       F      G
               +--------+--------+--------+--------+--------+-----+--------+
         Total |    793 |    793 |      0 |    563 |      0 |   1 |  793.0 |
       Dungeon |    793 |    793 |      0 |    563 |      0 |   1 |  793.0 |
               +--------+--------+--------+--------+--------+-----+--------+

Top non-repeatable levels by time:
       D: 793 daAuts
